Map: [ESL] Oceanborn

Players

Nicoract

  • Race: Terran Terran
  • Spawn Location: 5:00

MaxPax - Winner!

  • Race: Protoss Protoss
  • Spawn Location: 11:00

Event: ESL SC2 Masters 2024 Spring (Regional)

VOD

Have the link to the VOD?

Description

Time

  • Played on: April 11, 2024, 1:12 p.m.
  • Length: 7:22

All games in this series

Show
View Real Time Build Order
Export as new Build Order

Nicoract Terran 

Build Orders: Liberator Opening 

Get SALT Encoding   

  12  0:00  SCV  
  13  0:12  SCV  
  14  0:16  Supply Depot  
  14  0:24  SCV  
  15  0:38  SCV, Barracks  
  16  0:43  Refinery  
  16  0:50  SCV  
  16  0:52  Refinery  
  17  1:02  SCV  
  18  1:14  SCV  
  19  1:26  Supply Depot, Orbital Command, Reaper  
  20  1:41  Factory  
  20  1:52  SCV  
  21  1:58  Barracks Reactor  
  21  2:05  SCV  
  22  2:15  Command Center  
  22  2:17  SCV  
  23  2:27  Supply Depot  
  23  2:32  SCV  
  23  2:34  Starport  
  24  2:38  Widow Mine  
  24  2:40  Marine  
  24  2:44  Marine  
  27  2:47  SCV  
  29  2:58  Marine  
  29  2:59  SCV  
  29  3:00  Widow Mine  
  29  3:02  Marine  
  34  3:11  SCV  
  35  3:13  Medivac  
  35  3:18  Marine  
  35  3:19  Marine  
  38  3:22  Factory Tech Lab  
  39  3:27  SCV  
  40  3:36  Marine  
  40  3:37  Marine  
  42  3:41  Siege Tank  
  42  3:43  SCV  
  42  3:45  Orbital Command  
  46  3:50  Liberator  
  49  3:56  Marine x2  
  51  4:05  SCV  
  52  4:10  Supply Depot  
  52  4:12  SCV  
  53  4:17  SCV  
  54  4:24  Supply Depot  
  54  4:32  SCV, Siege Tank, Marine x2  
  54  4:34  Medivac  
  62  4:45  SCV x2  
  62  4:46  Supply Depot  
  62  4:49  Supply Depot  
  62  4:52  Marine x2  
  61  4:57  SCV  
  61  4:58  SCV  
  63  5:02  Barracks  
  63  5:03  Barracks  
  63  5:07  Siege Tank  
  63  5:10  SCV x2, Bunker  
  63  5:11  Viking  
  70  5:15  Marine x2  
  72  5:22  SCV x2  
  74  5:34  SCV x2  
  73  5:37  Refinery  
  73  5:38  Refinery  
  73  5:40  Marine  
  73  5:41  Marine  
  77  5:42  Hellion  
  77  5:46  SCV x2, Engineering Bay  
  77  5:48  Viking  
  75  5:50  Marine x2  
  76  5:58  SCV x2, Marine  
  77  6:05  Marine  
  77  6:08  Marine  
  77  6:10  SCV x2  
  79  6:11  Siege Tank  
  80  6:22  SCV x2  
  80  6:25  Barracks Tech Lab  
  75  6:26  Barracks Tech Lab  
  75  6:34  SCV x2  
  75  6:35  Marine x2  
  75  6:38  Starport Reactor  
  79  6:46  SCV x2  
  76  6:48  Marauder, Marine  
  76  6:52  Marine  
  72  6:58  SCV, Marine  
  72  6:59  SCV  
Show
View Real Time Build Order
Export as new Build Order

MaxPax Protoss - Winner!

Build Orders: 1 Gate Expand, Blink Stalkers 

Get SALT Encoding   

  12  0:00  Probe  
  13  0:12  Probe  
  14  0:16  Pylon  
  14  0:24  Probe (Chrono Boost)  
  15  0:36  Probe (Chrono Boost)  
  15  0:37  Gateway  
  16  0:44  Probe (Chrono Boost)  
  16  0:45  Assimilator  
  17  0:51  Probe  
  18  1:03  Probe  
  19  1:15  Probe  
  20  1:24  Cybernetics Core  
  22  1:31  Nexus  
  20  1:33  Probe  
  20  1:39  Pylon  
  21  1:45  Probe  
  22  1:48  Assimilator  
  22  1:57  Probe, Adept (Chrono Boost)  
  22  2:00  Warp Gate  
  25  2:09  Probe  
  26  2:17  Adept (Chrono Boost)  
  26  2:21  Probe  
  29  2:25  Twilight Council  
  29  2:33  Probe  
  30  2:42  Stalker  
  30  2:43  Probe  
  33  2:47  Probe  
  33  2:48  Gateway  
  34  2:56  Probe  
  35  2:59  Probe  
  36  3:07  Blink (Chrono Boost)  
  36  3:08  Probe  
  36  3:11  Probe  
  36  3:12  Zealot  
  40  3:20  Probe  
  40  3:22  Robotics Facility  
  40  3:23  Probe  
  42  3:31  Gateway  
  42  3:32  Probe  
  43  3:38  Probe  
  43  3:39  Gateway  
  44  3:42  Pylon  
  44  3:45  Probe  
  45  3:50  Probe  
  46  4:00  Probe  
  46  4:02  Probe  
  48  4:04  Stalker x2  
  48  4:05  Warp Prism (Chrono Boost)  
  52  4:13  Assimilator  
  52  4:14  Probe  
  52  4:16  Pylon  
  53  4:35  Stalker x4  
  53  4:37  Shield Battery  
  61  4:40  Probe  
  62  4:45  Pylon  
  58  4:58  Stalker x2  
  62  5:02  Pylon  
  62  5:05  Observer, Stalker  
  62  5:06  Stalker  
  66  5:07  Pylon  
  67  5:17  Nexus  
  67  5:23  Stalker x2  
  67  5:26  Stalker x2  
  71  5:32  Stalker x2  
  71  5:33  Probe  
  69  5:36  Probe  
  69  5:37  Observer  
  71  5:45  Probe  
  71  5:48  Probe  
  73  5:52  Stalker x2  
  77  5:57  Probe  
  77  6:00  Probe  
  75  6:04  Stalker x2  
  79  6:12  Probe  
  79  6:14  Probe  
  81  6:24  Probe  
  82  6:29  Probe x2 (Chrono Boost)  
  82  6:31  Stalker x2  
  82  6:32  Stalker x2  
  92  6:35  Observer  
  92  6:36  Probe (Chrono Boost)  
  93  6:41  Probe (Chrono Boost)  
  93  6:42  Probe (Chrono Boost)  
  96  6:47  Probe (Chrono Boost)  
  96  6:50  Probe x2 (Chrono Boost)  
  92  6:55  Probe  
  92  6:58  Probe  
  92  6:59  Stalker x2  
  92  7:00  Stalker  
  100  7:05  Probe (Chrono Boost)  
  91  7:11  Probe (Chrono Boost)  
  91  7:14  Probe (Chrono Boost)  
  91  7:15  Forge  
Tags
 
Add a new tag
Caveats
  • Supply blocks, unpowered buildings, or Contaminate may cause inaccurate times.
  • Supply counts are checked every 10 seconds.